 Dungeon Crawl Stone Soup version 0.22-a0-305-gd21a89c (webtiles) character file.

111 xccam the Shield-Bearer (level 5, -1/41 HPs)
             Began as a Formicid Fighter on Mar 30, 2018.
             Slain by a worker ant (5 damage)
             ... on level 3 of the Dungeon.
             The game lasted 00:02:27 (1593 turns).

xccam the Shield-Bearer (Formicid Fighter)          Turns: 1593, Time: 00:02:28

Health: -1/41      AC:  6    Str: 22    XL:     5   Next: 15%
Magic:  5/5        EV:  8    Int:  7    God:
Gold:   69         SH: 10    Dex: 10    Spells: 4/4 levels left

rFire    . . .     SeeInvis +   a - +0 war axe
rCold    . . .     Gourm    .   c - +0 shield
rNeg     . . .     Faith    .   b - +0 scale mail
rPois    .         Spirit   .   (helmet unavailable)
rElec    .         Reflect  .   (no cloak)
rCorr    .         Harm     .   (no gloves)
MR       .....                  (no boots)
Stlth    ..........             (no amulet)
HPRegen  0.13/turn              (no ring)
MPRegen  0.09/turn              (no ring)

@: lethally poisoned (-1 -> -3)
A: permanent stasis, dig shafts and tunnels, four strong arms, antennae 3
a: Dig, Shaft Self


You were on level 3 of the Dungeon.
You were hungry.

You visited 1 branch of the dungeon, and saw 3 of its levels.

You collected 69 gold pieces.

Inventory:

Hand Weapons
 a - a +0 war axe (weapon)
Armour
 b - a +0 scale mail (worn)
 c - a +0 shield (worn)
 i - a cursed +0 plate armour
Jewellery
 e - an uncursed ring of stealth {unknown}
 n - an uncursed ring of magical power {unknown}
Scrolls
 h - a scroll of magic mapping {unknown}
 j - a scroll of remove curse {unknown}
 m - a scroll of fear {unknown}
 o - 2 scrolls of identify {unknown}
Potions
 d - a potion of might
 g - 2 potions of degeneration {unknown}
 k - a potion of haste {unknown}
 l - a potion of mutation {unknown}
 p - a potion of magic {unknown}
 r - a potion of curing {unknown}
Comestibles
 f - 3 rations


   Skills:
 - Level 3.2 Fighting
 * Level 4.2 Axes
 - Level 3.2 Armour
 + Level 4.7 Shields


You had 4 spell levels left.
You didn't know any spells.

Dungeon Overview and Level Annotations

Branches:
Dungeon (3/15)

Altars:


Innate Abilities, Weirdness & Mutations

You cannot be hasted, slowed, berserked, paralysed or teleported.
You can dig through walls and to a lower floor.
Your four strong arms can wield two-handed weapons with a shield.
You have a pair of large antennae on your head. (SInv)


Message History

The worker ant is severely wounded.
You hit the giant cockroach but do no damage.
You hit the worm.
You feel sick. The worker ant closely misses you.
You block the giant cockroach's attack. The worker ant barely misses you.
Unknown command.
You closely miss the worker ant.
The worker ant is severely wounded.
You closely miss the giant cockroach. You completely miss the worm.
The giant cockroach closely misses you. You block the worker ant's attack.
You block the worm's attack. The giant cockroach barely misses you.
Unknown command.
You closely miss the worker ant.
The worker ant is severely wounded.
You hit the worm. You barely miss the giant cockroach.
The worker ant barely misses you. The giant cockroach bites you.
* * * LOW HITPOINT WARNING * * *
The worm bites you.
* * * LOW HITPOINT WARNING * * *
The worker ant bites you.
You die...

.... .... .....
..... ......
#g.)... . #
##sr.....
)...#.###@aK.....
#...<.w#g.....
......####l..=...
..... .#.....
.... ## .... .#.
## .. .


You could see a worm, a worker ant, a giant cockroach, 2 goblins, a kobold, a
frilled lizard and a rat.

Vanquished Creatures
  3 adders
  An ooze (D:1)
  A worm (D:2)
  4 dart slugs
  4 orcs
  6 bats
  3 giant cockroaches
  8 goblins
  6 hobgoblins
  9 jackals
  5 kobolds
  2 quokkas (D:2)
  A ball python (D:1)
  A frilled lizard (D:3)
  6 rats
60 creatures vanquished.

Notes
Turn   | Place    | Note
-------+----------+-------------------------------------------
     0 | D:1      | xccam the Formicid Fighter began the quest for the Orb.
     0 | D:1      | Reached XP level 1. HP: 18/18 MP: 1/1
    60 | D:1      | Reached XP level 2. HP: 18/24 MP: 2/2
   228 | D:1      | Reached XP level 3. HP: 27/29 MP: 3/3
   611 | D:2      | Reached XP level 4. HP: 32/35 MP: 4/4
  1581 | D:3      | Reached XP level 5. HP: 38/41 MP: 5/5
  1593 | D:3      | Slain by a worker ant

Vault maps used:
D:1:      minmay_arrival_solitary_statue
D:2:      minmay_wonky_spiral, guppyfry_early_orc_mine
D:3:      first_ration

Skill      XL: |  1  2  3  4 |
---------------+-------------+-----
Shields        | 4 |  4.7
Axes           | 3 4 |  4.2
Fighting       | |  3.2
Armour         | |  3.2

Action                   |  1- 3 |  4- 6 || total
-------------------------+-------+-------++-------
Melee: War axe           |    80 |   101 ||   181
  Eat: Chunk             |       |     2 ||     2
Armor: Scale mail        |    24 |    55 ||    79
Dodge: Dodged            |    21 |    62 ||    83
Block: Shield            |    41 |    81 ||   122

Table legend:
 A = Spawn XP
 B = Non-spawn XP
 C = Spawn XP percentage of total XP
 D = Spawn monster count
 E = Non-spawn monster count
 F = Spawn count percentage of total count
 G = Total turns spent on level
                    A         B        C        D         E        F      G
               +---------+---------+-------+---------+---------+-------+---------
         Total |       0 |     159 |   0.0 |       0 |      60 |   0.0 |  1593
               +---------+---------+-------+---------+---------+-------+---------
           D:1 |       0 |      49 |   0.0 |       0 |      23 |   0.0 |   495
           D:2 |       0 |      75 |   0.0 |       0 |      30 |   0.0 |  1078
           D:3 |       0 |      35 |   0.0 |       0 |       7 |   0.0 |    20
               +---------+---------+-------+---------+---------+-------+---------
